EL
PORTLAND SEA DOGS @ MIDLAND ROCKHOUNDS
07/27/2048
 
TOP OF THE 1ST
Portland Sea Dogs batting - Pitching for Midland RockHounds : LHP Rich Byrd
Pitching: LHP Rich Byrd
Batting: RHB Mike Batko 0-0: Swinging Strike
0-1: Ball
1-1: Foul Ball, location: 2F
1-2: Foul Ball, location: 2F
1-2: Strikes out looking
Batting: RHB Miguel Villanueva 0-0: Ball
1-0: Swinging Strike
1-1: SINGLE (Line Drive, 8LS, EV 94.4 MPH)
Batting: RHB Dave Burwell 0-0: Ball
1-0: Ball
2-0: Foul Ball, location: 2F
2-1: Ball
3-1: Called Strike
3-2: Fly out, F7 (Flyball, 7D, EV 96.9 MPH)
Batting: RHB Zi-jing Wang 0-0: Fly out, F7 (Line Drive, 7D, EV 94.4 MPH)
Top of the 1st over - 0 runs, 1 hit, 0 errors, 1 left on base; Portland 0 - Midland 0
BOTTOM OF THE 1ST
Midland RockHounds batting - Pitching for Portland Sea Dogs : RHP John LaMotte
Pitching: RHP John LaMotte
Batting: RHB Tony Crespo 0-0: Called Strike
0-1: Called Strike
0-2: Ball
1-2: Ball
2-2: Strikes out looking
Batting: RHB Travis Robinson 0-0: Ball
1-0: Called Strike
1-1: Ball
2-1: Foul Ball, location: 2F
2-2: Ground out 2-3 (Groundball, 15S, EV 65.0 MPH)
Batting: LHB Tom Raupp 0-0: Foul Ball, location: 2F
0-1: Foul Ball, location: 2F
0-2: Strikes out swinging
Bottom of the 1st over - 0 runs, 0 hits, 0 errors, 0 left on base; Portland 0 - Midland 0
TOP OF THE 2ND
Portland Sea Dogs batting - Pitching for Midland RockHounds : LHP Rich Byrd
Batting: RHB Alex Melendez 0-0: Foul Ball, location: 2F
0-1: Ball
1-1: Fly out, F9 (Flyball, 9, EV 96.2 MPH)
Batting: RHB Mike Cavagnaro 0-0: Fly out, F9 (Line Drive, 9, EV 98.1 MPH)
Batting: RHB Larry Brocato 0-0: Called Strike
0-1: Ground out 5-3 (Groundball, 56S, EV 85.6 MPH)
Top of the 2nd over - 0 runs, 0 hits, 0 errors, 0 left on base; Portland 0 - Midland 0
BOTTOM OF THE 2ND
Midland RockHounds batting - Pitching for Portland Sea Dogs : RHP John LaMotte
Batting: RHB Jonathan Gallup 0-0: Ball
1-0: SOLO HOME RUN (Flyball, 78XD, EV 97.5 MPH), Distance : 390 ft
Batting: RHB Matt Sherard 0-0: SINGLE (Groundball, 5S, EV 67.5 MPH) (infield hit)
Batting: RHB Micah Roth 0-0: Ball
Matt Sherard steals 2nd base
1-0: Foul Ball, location: 2F
1-1: Called Strike
1-2: Ball
2-2: Strikes out looking
Batting: RHB Todd Vanasco 0-0: Called Strike
0-1: Foul Ball, location: 2F
0-2: Foul Ball, location: 2F
0-2: Ball
1-2: Ball
2-2: Ground out 5-3 (Groundball, 56S, EV 90.0 MPH)
Batting: RHB Roger Simmons 0-0: Foul Ball, location: 2F
0-1: Called Strike
0-2: Ground out 6-3 (Groundball, 6, EV 81.9 MPH)
Bottom of the 2nd over - 1 run, 2 hits, 0 errors, 1 left on base; Portland 0 - Midland 1
TOP OF THE 3RD
Portland Sea Dogs batting - Pitching for Midland RockHounds : LHP Rich Byrd
Batting: SHB Gus Cruz 0-0: Ground out 4-3 (Groundball, 4D, EV 102.5 MPH)
Batting: RHB Frank Sokolosky 0-0: Ball
1-0: Ball
2-0: DOUBLE (Groundball, 3L, EV 105.0 MPH)
Batting: RHB Mike Batko 0-0: Ball
1-0: Swinging Strike
1-1: Called Strike
1-2: Foul Ball, location: 2F
1-2: Foul Ball, location: 2F
1-2: Ground out 6-3 (Groundball, 6M, EV 107.5 MPH)
Frank Sokolosky to third
Batting: RHB Miguel Villanueva 0-0: Ball
1-0: Called Strike
1-1: Ball
2-1: Foul Ball, location: 2F
2-2: Foul Ball, location: 2F
2-2: Ground out 4-3 (Groundball, 34, EV 88.1 MPH)
Top of the 3rd over - 0 runs, 1 hit, 0 errors, 1 left on base; Portland 0 - Midland 1
BOTTOM OF THE 3RD
Midland RockHounds batting - Pitching for Portland Sea Dogs : RHP John LaMotte
Batting: RHB Manny Moron 0-0: Called Strike
0-1: Ball
1-1: Ball
2-1: Ball
3-1: Called Strike
3-2: Fly out, F9 (Flyball, 89M, EV 85.6 MPH)
Batting: RHB Tony Crespo 0-0: Foul Ball, location: 2F
0-1: Ground out 6-3 (Groundball, 6, EV 88.8 MPH)
Batting: RHB Travis Robinson 0-0: Ball
1-0: Called Strike
1-1: Ground out 6-3 (Groundball, 6MS, EV 90.6 MPH)
Bottom of the 3rd over - 0 runs, 0 hits, 0 errors, 0 left on base; Portland 0 - Midland 1
TOP OF THE 4TH
Portland Sea Dogs batting - Pitching for Midland RockHounds : LHP Rich Byrd
Batting: RHB Dave Burwell 0-0: Swinging Strike
0-1: Swinging Strike
0-2: Ball
1-2: Strikes out swinging
Batting: RHB Zi-jing Wang 0-0: Ball
1-0: Ball
2-0: Foul Ball, location: 2F
2-1: Ground out 6-3 (Groundball, 56, EV 106.9 MPH)
Batting: RHB Alex Melendez 0-0: Ball
1-0: Ball
2-0: Ground out 4-3 (Groundball, 4S, EV 70.6 MPH)
Top of the 4th over - 0 runs, 0 hits, 0 errors, 0 left on base; Portland 0 - Midland 1
BOTTOM OF THE 4TH
Midland RockHounds batting - Pitching for Portland Sea Dogs : RHP John LaMotte
Batting: LHB Tom Raupp 0-0: Ball
1-0: Swinging Strike
1-1: Ground out 5-3 (Groundball, 56, EV 103.1 MPH)
Batting: RHB Jonathan Gallup 0-0: Ball
1-0: Called Strike
1-1: Swinging Strike
1-2: Ball
2-2: Ball
3-2: Foul Ball, location: 2F
3-2: Ground out 5-3 (Groundball, 5, EV 87.5 MPH)
Batting: RHB Matt Sherard 0-0: Called Strike
0-1: Foul Ball, location: 2F
0-2: SINGLE (Groundball, 34D, EV 111.2 MPH)
Batting: RHB Micah Roth 0-0: Called Strike
Matt Sherard steals 2nd, throwing error, E2
Matt Sherard to third
0-1: Foul Ball, location: 2F
0-2: Ball
1-2: Strikes out swinging
Bottom of the 4th over - 0 runs, 1 hit, 1 error, 1 left on base; Portland 0 - Midland 1
TOP OF THE 5TH
Portland Sea Dogs batting - Pitching for Midland RockHounds : LHP Rich Byrd
Batting: RHB Mike Cavagnaro 0-0: Called Strike
0-1: Called Strike
0-2: Strikes out swinging
Batting: RHB Larry Brocato 0-0: Ball
1-0: Ball
2-0: Swinging Strike
2-1: Foul Ball, location: 2F
2-2: Strikes out swinging
Batting: SHB Gus Cruz 0-0: Ball
1-0: Called Strike
1-1: Called Strike
1-2: Foul Ball, location: 2F
1-2: Strikes out swinging
Top of the 5th over - 0 runs, 0 hits, 0 errors, 0 left on base; Portland 0 - Midland 1
BOTTOM OF THE 5TH
Midland RockHounds batting - Pitching for Portland Sea Dogs : RHP John LaMotte
Batting: RHB Todd Vanasco 0-0: Ball
1-0: Ball
2-0: SINGLE (Groundball, 6MD, EV 99.4 MPH)
Batting: RHB Roger Simmons 0-0: Fly out, F5 (Line Drive, 56, EV 82.5 MPH)
Batting: RHB Manny Moron 0-0: Ball
1-0: Fly out, F9 (Flyball, 89D, EV 86.2 MPH)
Batting: RHB Tony Crespo 0-0: Ball
1-0: Called Strike
1-1: Ball
2-1: Foul Ball, location: 2F
2-2: Ball
3-2: Base on Balls
Todd Vanasco to second
Batting: RHB Travis Robinson Balk!
Todd Vanasco to third
Tony Crespo to second
0-0: Ball
1-0: Swinging Strike
1-1: Ball
2-1: Foul Ball, location: 2F
2-2: SINGLE (Groundball, 4MD, EV 110.0 MPH) (infield hit)
Todd Vanasco scores
Tony Crespo to third
Batting: LHB Tom Raupp 0-0: Called Strike
0-1: Called Strike
0-2: Ball
1-2: Ball
2-2: Foul Ball, location: 2F
2-2: Foul Ball, location: 2F
2-2: Foul Ball, location: 2F
2-2: Ball
3-2: Foul Ball, location: 2F
3-2: Base on Balls
Travis Robinson to second
Batting: RHB Jonathan Gallup 0-0: Called Strike
0-1: Ball
1-1: Fielders Choice at 2nd, U6 (Groundball, 6M, EV 103.8 MPH)
Bottom of the 5th over - 1 run, 2 hits, 0 errors, 3 left on base; Portland 0 - Midland 2
TOP OF THE 6TH
Portland Sea Dogs batting - Pitching for Midland RockHounds : LHP Rich Byrd
Batting: RHB Frank Sokolosky 0-0: Foul Ball, location: 2F
0-1: Ball
1-1: Ball
2-1: Fly out, F1 (Line Drive, P, EV 69.4 MPH)
Batting: RHB Mike Batko 0-0: Called Strike
0-1: Called Strike
0-2: Foul Ball, location: 2F
0-2: Ball
1-2: Strikes out swinging
Batting: RHB Miguel Villanueva 0-0: Foul Ball, location: 2F
0-1: Called Strike
0-2: Strikes out swinging
Top of the 6th over - 0 runs, 0 hits, 0 errors, 0 left on base; Portland 0 - Midland 2
BOTTOM OF THE 6TH
Midland RockHounds batting - Pitching for Portland Sea Dogs : RHP John LaMotte
Batting: RHB Matt Sherard 0-0: Ball
1-0: SINGLE (Line Drive, 7LM, EV 107.5 MPH)
Batting: RHB Micah Roth 0-0: Ball
1-0: Grounds out, U3 (Groundball, 3L, EV 83.1 MPH)
Batting: RHB Todd Vanasco 0-0: Ball
1-0: Called Strike
1-1: Foul Ball, location: 2F
1-2: Strikes out looking
Batting: RHB Roger Simmons 0-0: Ball
1-0: Ball
2-0: Foul Ball, location: 2F
2-1: Called Strike
2-2: Ground out 4-3 (Groundball, 4, EV 86.9 MPH)
Bottom of the 6th over - 0 runs, 1 hit, 0 errors, 1 left on base; Portland 0 - Midland 2
TOP OF THE 7TH
Portland Sea Dogs batting - Pitching for Midland RockHounds : LHP Rich Byrd
Batting: RHB Dave Burwell 0-0: SINGLE (Groundball, 4MD, EV 100.0 MPH)
Batting: RHB Zi-jing Wang 0-0: Swinging Strike
0-1: Called Strike
0-2: Ball
1-2: Strikes out swinging
Batting: RHB Alex Melendez 0-0: Ball
1-0: Foul Ball, location: 2F
1-1: Fly out, F6 (Popup, 6, EV 58.1 MPH)
Batting: RHB Mike Cavagnaro 0-0: Called Strike
0-1: Ball
1-1: Ball
2-1: Ground out 4-3 (Groundball, 4S, EV 68.1 MPH)
Top of the 7th over - 0 runs, 1 hit, 0 errors, 1 left on base; Portland 0 - Midland 2
BOTTOM OF THE 7TH
Midland RockHounds batting - Pitching for Portland Sea Dogs : RHP John LaMotte
Pitching: LHP Jon Convery
Batting: RHB Manny Moron 0-0: Called Strike
0-1: Ball
1-1: Ball
2-1: SINGLE (Flyball, 8RS, EV 101.9 MPH)
Batting: RHB Tony Crespo 0-0: Bunt missed!
0-1: Bunted foul
0-2: Ball
1-2: Ball
2-2: Foul Ball, location: 2F
2-2: Foul Ball, location: 2F
2-2: Ball
3-2: Foul Ball, location: 2F
3-2: Base on Balls
Manny Moron to second
Batting: RHB Travis Robinson 0-0: Swinging Strike
0-1: Called Strike
0-2: Foul Ball, location: 2F
0-2: Ball
1-2: Strikes out swinging
Batting: LHB Tom Raupp 0-0: Swinging Strike
0-1: Ball
1-1: Fielders Choice at 2nd, 3-6 (Groundball, 3, EV 94.4 MPH)
Manny Moron to third
Batting: RHB Jonathan Gallup 0-0: Ball
1-0: SINGLE (Groundball, 5D, EV 101.9 MPH)
Manny Moron scores
Tom Raupp to second
Batting: RHB Matt Sherard 0-0: Called Strike
0-1: Foul Ball, location: 2F
0-2: Ball
1-2: Foul Ball, location: 2F
1-2: Strikes out swinging
Bottom of the 7th over - 1 run, 2 hits, 0 errors, 2 left on base; Portland 0 - Midland 3
TOP OF THE 8TH
Portland Sea Dogs batting - Pitching for Midland RockHounds : LHP Rich Byrd
Batting: RHB Larry Brocato 0-0: Ground out 6-3 (Groundball, 56, EV 96.9 MPH)
Batting: SHB Gus Cruz 0-0: Ball
1-0: Swinging Strike
1-1: Ball
2-1: Ground out U3 (Groundball, 34, EV 107.5 MPH)
Batting: RHB Frank Sokolosky 0-0: Called Strike
0-1: Foul Ball, location: 2F
0-2: Ball
1-2: Foul Ball, location: 2F
1-2: Fly out, F9 (Line Drive, 9, EV 95.6 MPH)
Top of the 8th over - 0 runs, 0 hits, 0 errors, 0 left on base; Portland 0 - Midland 3
BOTTOM OF THE 8TH
Midland RockHounds batting - Pitching for Portland Sea Dogs : LHP Jon Convery
Batting: RHB Micah Roth 0-0: Ball
1-0: Foul Ball, location: 2F
1-1: Swinging Strike
1-2: Ground out 5-3 (Groundball, 56, EV 81.2 MPH)
Batting: RHB Todd Vanasco 0-0: Swinging Strike
0-1: Foul Ball, location: 2F
0-2: Strikes out swinging
Batting: RHB Roger Simmons 0-0: Fly out, F7 (Flyball, 7LS, EV 85.6 MPH)
Bottom of the 8th over - 0 runs, 0 hits, 0 errors, 0 left on base; Portland 0 - Midland 3
TOP OF THE 9TH
Portland Sea Dogs batting - Pitching for Midland RockHounds : LHP Rich Byrd
Pitching: RHP John Shutt
Batting: RHB Mike Batko 0-0: Ball
1-0: Foul Ball, location: 2F
1-1: Ball
2-1: Ball
3-1: Base on Balls
Pinch Hitting: LHB David Moore 0-0: Ball
1-0: Ball
2-0: Ball
3-0: Called Strike
3-1: Base on Balls
Mike Batko to second
Batting: RHB Dave Burwell 0-0: Called Strike
0-1: Ball
1-1: Ball
2-1: Fly out, F4 (Line Drive, 4, EV 66.9 MPH)
Pinch Hitting: LHB Aaron Brannon 0-0: Ball
1-0: Ball
2-0: Fly out, F7 (Flyball, 7LM, EV 89.4 MPH)
Pinch Hitting: LHB Sergio Tinoco 0-0: DOUBLE (Flyball, 89XD, EV 115.0 MPH)
Mike Batko scores
David Moore to third
Batting: LHB Parker Lowe 0-0: Ball
1-0: Ball
2-0: Called Strike
2-1: Swinging Strike
2-2: Ball
3-2: Foul Ball, location: 2F
3-2: Foul Ball, location: 2F
3-2: SINGLE (Line Drive, 4MD, EV 100.0 MPH)
David Moore scores
Sergio Tinoco to third
Runner from 3rd tries for Home, throw by CF and OUT! 8-2
Top of the 9th over - 2 runs, 2 hits, 0 errors, 1 left on base; Portland 2 - Midland 3
Tuesday, March 28th , 2023 - OOTP Baseball 23.10 Build 110